 Dungeon Crawl Stone Soup version 0.20.1-1-g8b1a95d (webtiles) character file.

123 juanjsm the Sneak (level 4, -8/22 HPs)
             Began as a Spriggan Enchanter on Oct 24, 2017.
             Killed by divine providence
             ... invoked by an orc priest
              (16 damage)
             ... on level 3 of the Dungeon.
             The game lasted 00:10:08 (2178 turns).

juanjsm the Sneak (Spriggan Enchanter)              Turns: 2178, Time: 00:10:10

Health: -8/22      AC:  2    Str:  4    XL:     4   Next: 79%
Magic:  0/9        EV: 19    Int: 17    God:
Gold:   92         SH:  0    Dex: 16    Spells: 0/9 levels left

rFire    . . .     SeeInvis +   a - +1 dagger
rCold    . . .     Gourm    .   (shield restricted)
rNeg     + . .     Faith    .   b - +0 robe
rPois    .         Spirit   .   (helmet restricted)
rElec    .         Reflect  .   (no cloak)
rCorr    .         Harm     +   (gloves unavailable)
MR       .....                  (boots unavailable)
Stlth    +++.......             f - amulet of harm
Regen    0.1/turn               p - ring of positive energy
MPRegen  0.2/turn               (no ring)

@: very quick
A: unfitting armour, see invisible, herbivore 3, speed 3, slow metabolism 2
a: no special abilities


You were on level 3 of the Dungeon.
You were not hungry.

You visited 1 branch of the dungeon, and saw 3 of its levels.

You collected 92 gold pieces.

Inventory:

Hand Weapons
 a - a +1 dagger (weapon)
 r - a +1 short sword of venom
 v - a +1 whip of freezing
Missiles
 u - a throwing net (quivered)
Armour
 b - a +0 robe (worn)
 l - a +0 buckler
Jewellery
 f - an amulet of harm (around neck)
 p - a ring of positive energy (left hand)
Scrolls
 e - a scroll of fog {unknown}
 g - a scroll of amnesia {unknown}
 i - a scroll of immolation {unknown}
 m - a scroll of blinking {unknown}
 n - a scroll of identify {unknown}
 q - a scroll of teleportation {unknown}
Potions
 h - a potion of resistance {unknown}
 j - a potion of might {unknown}
 k - 2 potions of haste {unknown}
 o - 2 potions of curing {unknown}
 t - a potion of heal wounds {unknown}
Books
 c - a book of Maledictions

   Spells                             Type                      Level
   a - Corona                         Hexes                        1
   b - Ensorcelled Hibernation        Hexes/Ice                    2
   c - Confuse                        Hexes                        3
   d - Tukima's Dance                 Hexes                        3
   e - Dazzling Spray                 Conjuration/Hexes            3
Comestibles
 d - 3 bread rations
 s - 7 fruits


   Skills:
 + Level 1.2 Fighting
 + Level 2.3 Short Blades
 + Level 4.0 Dodging
 + Level 5.3 Stealth
 * Level 0.7 Shields
 + Level 3.3 Spellcasting
 + Level 4.0 Hexes


You couldn't memorise any spells.
You knew the following spells:

 Your Spells              Type           Power        Failure   Level  Hunger
a - Corona                Hex            ###....      3%          1    None
b - Ensorcelled Hibernat  Hex/Ice        #.....       11%         2    ##.....
c - Confuse               Hex            ###.....     10%         3    ###....
d - Dazzling Spray        Conj/Hex       #.....       22%         3    ###....


Dungeon Overview and Level Annotations

Branches:
Dungeon (3/15)

Altars:
Ashenzari
Elyvilon
Uskayaw
Vehumet


Innate Abilities, Weirdness & Mutations

You are very small and have problems with some larger weapons.
You are too small for most types of armour.
You have supernaturally acute eyesight. (SInv)
You are a herbivore.
You cover ground extremely quickly.
You need consume almost no food.


Message History

You hit the orc priest.
The orc priest is lightly wounded.
The kobold barely misses you. The orc priest closely misses you.
You hit the orc priest.
The orc priest is moderately wounded.
The kobold misses you. The orc priest completely misses you.
Casting: Ensorcelled Hibernation
Confirm with . or Enter, or press ? or * to list all spells.
Aiming: Ensorcelled Hibernation
Press: ? - help, Shift-Dir - straight line, f - kobold
Aim: a kobold, wielding a short sword (chance to defeat MR: 58%)
The kobold looks drowsy...
The orc priest hits you with a dagger.
You are too injured to fight recklessly!
The helpless kobold fails to defend itself.
You impale the kobold!!
You kill the kobold!
The orc priest calls down the wrath of Beogh upon you.
Beogh smites you!
Ouch! That really hurt!
You die...

#
#..............[.#
##...##.#######.#
##. #.# #.# .. #.#
#.# ## #.#
#.######## # ..#
#.........
##.######
#.########
........####.#
.......)@...(#
#.####o######
#..........K.#
..........###.#
#######.#.# #.#.#
..#.# ### #


You could see an orc priest.

Vanquished Creatures
  5 adders (D:2)
  An ooze (D:1)
  3 dart slugs
  9 orcs (D:3)
  3 giant cockroaches (D:1)
  6 goblins
  4 hobgoblins
  3 jackals
  4 kobolds
  2 quokkas (D:2)
  2 ball pythons
  7 bats
  7 frilled lizards
  2 rats
58 creatures vanquished.

Notes
Turn   | Place    | Note
-------+----------+-------------------------------------------
     0 | D:1      | juanjsm the Spriggan Enchanter began the quest for the Orb.
     0 | D:1      | Reached XP level 1. HP: 9/9 MP: 5/5
   166 | D:1      | Reached XP level 2. HP: 8/14 MP: 3/6
   177 | D:1      | Learned a level 2 spell: Ensorcelled Hibernation
   851 | D:1      | Reached XP level 3. HP: 17/17 MP: 1/8
   856 | D:1      | Learned a level 3 spell: Confuse
  1192 | D:2      | Reached skill level 1 in Fighting
  1226 | D:2      | Found a radiant altar of Vehumet.
  1233 | D:2      | Found a white marble altar of Elyvilon.
  1275 | D:2      | Reached skill level 5 in Stealth
  1475 | D:2      | Reached XP level 4. HP: 15/22 MP: 3/9
  1480 | D:2      | Learned a level 3 spell: Dazzling Spray
  1607 | D:2      | Found a shattered altar of Ashenzari.
  2007 | D:3      | Found a hide-covered altar of Uskayaw.
  2178 | D:3      | Killed from afar by an orc priest

Skill      XL: |  1  2  3  4 |
---------------+-------------+-----
Spellcasting   | 3 |  3.3
Fighting       | 1 |  1.2
Stealth        | 5 |  5.3
Short Blades   | 2 |  2.3
Hexes          | 4 |  4.0
Dodging        | 4 |  4.0
Shields        | |  0.7

Action                   |  1- 3 |  4- 6 || total
-------------------------+-------+-------++-------
Melee: Dagger            |   144 |    58 ||   202
 Cast: Corona            |     4 |       ||     4
       Ensorcelled Hiber |    28 |    19 ||    47
 Stab: Sleeping          |    23 |    13 ||    36
       Distracted        |     1 |       ||     1
  Eat: Royal jelly       |       |     1 ||     1
Armor: Robe              |    10 |     4 ||    14
Dodge: Dodged            |   135 |    43 ||   178
